 Dungeon Crawl Stone Soup version 0.30-a0-1163-gf69bf04e7a (webtiles) character file.

Game seed: 17277434292677411511

12 graymark the Charlatan (level 2, -2/19 HPs)
             Began as a Demonspawn Wanderer on Apr 28, 2023.
             Frozen to death by an endoplasm (5 damage)
             ... on level 1 of the Dungeon.
             The game lasted 00:01:42 (293 turns).

graymark the Charlatan (Demonspawn Wanderer)         Turns: 293, Time: 00:01:44

Health: -2/19      AC:  3    Str: 10    XL:     2   Next: 20%
Magic:  3/3        EV: 16    Int: 13    God:
Gold:   18         SH:  0    Dex: 14    Spells: 3/3 levels left

rFire   . . .        a - +0 dagger
rCold   . . .        (no shield)
rNeg    . . .        d - +0 robe
rPois   .            (no helmet)
rElec   .            (no cloak)
rCorr   .            b - +0 pair of gloves
SInv    .            (no boots)
Will    .....        (no amulet)
Stlth   ++           j - +5 ring of evasion
HPRegen 0.23/turn    (no ring)
MPRegen 0.08/turn

%: no passive effects
@: lethally poisoned (-2 -> -4)
A: hooves 1
a: no special abilities


You were on level 1 of the Dungeon.
You visited 1 branch of the dungeon, and saw 1 of its levels.

You collected 18 gold pieces.

Inventory:

Hand Weapons
 a - a +0 dagger (weapon)
Armour
 b - a +0 pair of gloves (worn)
 d - a +0 robe (worn)
Jewellery
 j - a +5 ring of evasion (left hand)
 k - an amulet of guardian spirit
Wands
 e - a wand of polymorph (10) (quivered)
Scrolls
 c - a scroll of teleportation
 h - 2 scrolls of identify {unknown}
 i - a scroll of noise {unknown}
Potions
 f - a potion of haste {unknown}
 g - a potion of might {unknown}


   Skills:
 - Level 1.7 Armour
 + Level 2.0 Stealth
 + Level 1.3 Spellcasting
 + Level 1.4 Conjurations
 + Level 4.1 Evocations


You had 3 spell levels left.
You didn't know any spells.
Your spell library contained the following spells:

 Spells                   Type           Power      Damage    Failure   Level
 Momentum Strike          Conj/Tloc      4%         3d8       30%         2
 Static Discharge         Conj/Air       4%         2-3/arc   30%         2


Dungeon Overview and Level Annotations

Branches:
Dungeon (1/15)

Altars:


Innate Abilities, Weirdness & Mutations

You have large cloven feet.


Message History

The dart slug is heavily wounded.
The dart slug misses you. The ball python misses you. x2
The ball python bites you. The ball python completely misses you.
The dart slug launches a dart at you. The slug dart misses you.
The ball python closely misses you. The ball python misses you.
The ball python attacks as you move away!
The ball python misses you. The ball python closely misses you.
Aiming: Polymorph
Press: ? - help, Shift-Dir - straight line, f/p - dart slug
Aim: a dart slug (heavily wounded, will become a hobgoblin, an adder, or a swamp drake, chance to affect: 75%)
The ball python evaporates and reforms as an adder!
The adder bites you.
You hit the adder.
The adder is lightly wounded.
The adder misses you.
You barely miss the adder.
The adder is lightly wounded.
The adder bites you but does no damage. The adder bites you.
You are poisoned.
The adder poisons you!
You hit the adder.
The adder is heavily wounded.
* * * LOW HITPOINT WARNING * * *
You feel sick. The adder closely misses you.
You hit the adder. You kick the adder.
The adder is severely wounded.
You feel sick. The adder completely misses you.
You closely miss the adder. Your kick misses the adder.
The adder is severely wounded.
You feel sick. The adder barely misses you.
The endoplasm completely misses you.
You hit the adder.
You kill the adder!
The ball python returns to its original shape as it dies.
You feel sick. The endoplasm freezes you.
You are frozen.
You die...

#......... ##...###.####.#
#......... .........#....#
#......... .......#......###
#.8..8.8.. .>..... ........
#..÷....÷÷ ....... .....#
#..÷....÷÷ ....... ...#
#.8..8.8..
.......####.#######.........
.......).w†@......#.........
#...#####†#J#######♣♣♣♣...♣♣
# #...g......#♣♣♣♣♣♣♣♣
##..#..######..#♣♣♣♣♣#
.........#####..##..#.#
..................##..#.#
..###..#.#...>..........# .
#..#.#..####...#..###
#....#..# #...#..#


You could see a dart slug, an endoplasm and a hobgoblin.

Vanquished Creatures
  An adder (D:1)
  A ball python (D:1)
  3 endoplasms (D:1)
  3 goblins (D:1)
  A quokka (D:1)
  3 rats (D:1)
12 creatures vanquished.

Notes
Turn   | Place    | Note
-------+----------+-------------------------------------------
     0 | D:1      | graymark the Demonspawn Wanderer began the quest for the
                  | Orb.
     0 | D:1      | graymark set off with the following items: a +0 dagger, a
                  | +0 pair of gloves, a scroll of teleportation, a +0 robe, a
                  | wand of polymorph (12); and the following spells available
                  | to memorise: Momentum Strike, Static Discharge.
     0 | D:1      | Reached XP level 1. HP: 13/13 MP: 2/2
   227 | D:1      | Gained mutation: You have large cloven feet. [demonic
                  | ancestry]
   227 | D:1      | Reached XP level 2. HP: 19/19 MP: 3/3
   293 | D:1      | Frozen to death by an endoplasm

Illustrated notes

Levels and vault maps discovered:
D:1:      giann_forest_graveyard, layout_loops_ring

Skill      XL: |  1 |
---------------+----+-----
Stealth        | 2 |  2.0
Armour         | |  1.7
Spellcasting   | |  1.3
Conjurations   | |  1.4
Evocations     | |  4.1

Action                     || total
---------------------------++-------
  Melee: Dagger            ||    44
         Kick              ||     6
  Evoke: Wand              ||     2
   Stab: Sleeping          ||     3
 Armour: Robe              ||     5
  Dodge: Dodged            ||    36

Table legend: (Time is in decaauts)
 A = Elapsed time spent in this place.
 B = Non-inter-level travel time spent in this place.
 C = Inter-level travel time spent in this place.
 D = Time resting spent in this place.
 E = Time spent auto-exploring this place.
 F = Levels seen in this place.
 G = Mean time per level.
                   A        B        C        D        E       F      G
               +--------+--------+--------+--------+--------+-----+--------+
         Total |    292 |    292 |      0 |      0 |    186 |   1 |  292.0 |
       Dungeon |    292 |    292 |      0 |      0 |    186 |   1 |  292.0 |
               +--------+--------+--------+--------+--------+-----+--------+

Top non-repeatable levels by time:
     D:1: 292 daAuts
